 Dungeon Crawl Stone Soup version 0.31-a0-960-g0fca184906 (webtiles) character file.

Game seed: 9065694394569592294

7553 Tombo the Fighter (level 10, 0/91 HPs)
             Began as a Minotaur Berserker on Oct 23, 2023.
             Was a High Priest of Trog.
             Slain by a gargoyle
             ... wielding a +0 mace
              (11 damage)
             ... on level 10 of the Dungeon.
             The game lasted 00:23:47 (9402 turns).

Tombo the Fighter (Minotaur Berserker)              Turns: 9402, Time: 00:23:47

Health: 0/91       AC: 21    Str: 22    XL:     10   Next: 96%
Magic:  9/9        EV: 12    Int:  4    God:    Trog [*****.]
Gold:   530        SH:  0    Dex: 14    Spells: 9/9 levels left

rFire   x . .        J - +1 hammer (drain)
rCold   + . .        (no shield)
rNeg    . . .        K - +3 chain mail
rPois   .            (helmet restricted)
rElec   .            I - +2 cloak
rCorr   .            N - +2 pair of gloves
SInv    .            (no boots)
Will    .....        (no amulet) Stlth
                     G - ring of ice
HPRegen 0.35/turn    (no ring)
MPRegen 0.11/turn

%: no passive effects
@: on berserk cooldown, slowed, very slow
A: horns 2, retaliatory headbutt
a: Renounce Religion, Berserk, Trog's Hand, Brothers in Arms


You were on level 10 of the Dungeon.
You worshipped Trog.
Trog was extremely pleased with you.
You visited 2 branches of the dungeon, and saw 11 of its levels.

You collected 552 gold pieces.
You spent 22 gold pieces at shops.

Inventory:

Hand Weapons
 u - a +0 hand axe of flaming
 J - a +1 hammer of draining (weapon)
Missiles
 a - 2 throwing nets
Armour
 l - a +0 pair of gloves
 I - a +2 cloak (worn)
 K - a +3 chain mail (worn)
 N - a +2 pair of gloves (worn)
Jewellery
 G - a ring of ice (left hand)
 M - a +4 ring of protection
Talismans
 t - a serpent talisman
Wands
 z - a wand of polymorph (7)
 B - a wand of flame (41)
 C - a wand of digging (6)
 F - a wand of iceblast (4)
 H - a wand of charming (15)
 L - a wand of mindburst (10)
 P - a wand of acid (2)
Scrolls
 b - a scroll of fear
 c - a scroll of immolation {unknown}
 e - 3 scrolls of teleportation
 h - a scroll of enchant armour {unknown}
 j - 3 scrolls of fog
 k - a scroll of noise
 n - a scroll of blinking {unknown}
 q - 2 scrolls of amnesia
 s - a scroll of vulnerability {unknown}
 x - a scroll of revelation {unknown}
 y - 2 scrolls of silence {unknown}
 E - a scroll of torment {unknown}
 O - a scroll of poison {unknown}
Potions
 d - 5 potions of ambrosia
 f - 4 potions of might
 g - a potion of curing
 i - 2 potions of attraction
 m - a potion of invisibility
 o - 3 potions of brilliance
 p - 4 potions of haste
 r - 2 potions of magic {unknown}
 v - a potion of cancellation
 w - a potion of resistance
 A - 2 potions of degeneration {unknown}
 D - a potion of enlightenment {unknown}


   Skills:
 + Level 9.2 Fighting
 - Level 8.5(10.2) Axes
 * Level 9.0(10.5) Maces & Flails
 + Level 8.8 Armour
 + Level 7.7 Dodging
 + Level 7.9 Shields


You had 9 spell levels left.
You didn't know any spells.
Your spell library was empty.

Dungeon Overview and Level Annotations

Branches:
Dungeon (10/15)            Temple (1/1) D:6            Lair (0/5) D:8
    Orc: D:9-12

Altars:
Ashenzari
Cheibriados
Dithmenos
Elyvilon
Fedhas
Gozag
Hepliaklqana
Kikubaaqudgha
Makhleb
Nemelex Xobeh
Okawaru
Qazlal
Ru
Sif Muna
Trog
Uskayaw
Vehumet
Wu Jian
Xom
Yredelemnul
Zin
The Shining One

Shops:
D:1 *   D:2 *   D:8 =


Innate Abilities, Weirdness & Mutations

You have a pair of horns on your head.
You reflexively headbutt those who attack you in melee.


Message History

Things that are here:
a +0 dagger; a +0 robe You feel a strong urge to attack something.
You are no longer berserk.
You are exhausted.
You feel yourself slow down. The yak attacks as it pursues you!
The yak gores you.
You are too injured to fight recklessly!
You are too injured to fight recklessly!
You are too injured to fight recklessly!
You hit the yak but do no damage. You drain the yak. You headbutt the yak!
The yak is moderately wounded.
The yak closely misses you. The yak gores you but does no damage.
You thump the yak!
The yak is heavily wounded.
The yak gores you but does no damage.
The wyvern is engulfed in blazing flames.
You sock the yak! You drain the yak.
The yak is almost dead.
The yak completely misses you.
You hit the yak but do no damage. You drain the yak. You headbutt the yak.
You kill the yak!
Trog accepts your kill.
A gargoyle comes into view. It is wielding a +0 mace.
The fire elemental barely misses you.
Your base Maces & Flails skill increases to level 9!
The gargoyle barely misses you. The fire elemental hits you.
The fire elemental burns you!
You hit the gargoyle but do no damage. The fire elemental closely misses you.
The gargoyle closely misses you. You furiously retaliate!
You headbutt the gargoyle. The fire elemental hits you.
The fire elemental burns you! The fire burns you terribly!
* * * LOW HITPOINT WARNING * * *
The gargoyle attacks as it pursues you! The gargoyle hits you with a +0 mace!
* * * LOW HITPOINT WARNING * * *
Something unseen opens the door.
A wight comes into view. It is wielding a +4 battleaxe.
The gargoyle hits you but does no damage.
The gargoyle attacks as it pursues you! The gargoyle hits you with a +0 mace!
You die...

..........#..# ..........#..#
###+ #### #+# ###)..##..#..#
.##.# #. .....
###...##..#..##).#..#. .#.#
......##..#..#.#####.## ...
......##<.#..#.)#.##..##l#.#.#.
......##..'..'##.E#l##§'DT§.O..
..........##.##9##○e#○Y#E#.#.#.
#+##########.##)@###.###cel
#.#.##.#..#.#.#E#
#.#..#..##..#..E☼○
#.#####z####### #○# #.# .. .○#
#.# ... .. ..# #.. #..


You could see a gargoyle and a wight.

Vanquished Creatures
  The ghost of Dirtsage the Cleaver, a novice DsFi (D:8)
  2 kobold demonologists (D:10)
  A rime drake (D:8)
  A polar bear (D:8)
  The ghost of bmj180 the Conjurer, an amateur HuCj (D:3)
  Sigmund (D:7)
  A vampire (D:9)
  2 shadows
  5 yaks (D:10)
  3 steam dragons (D:9)
  2 water moccasins (D:7)
  Edmund (D:5)
  2 black bears
  An orc warrior (D:9)
  4 ice beasts (D:8)
  3 wolves (D:8)
  5 centaurs
  A phantom (D:6)
  3 kobold brigands
  3 bullfrogs
  2 scorpions
  A gnoll sergeant (D:8)
  A wight (D:10)
  16 killer bees
  5 howler monkeys
  5 hounds
  3 jellies
  Crazy Yiuf (D:7)
  A gnoll bouda (D:4)
  3 orc priests
  2 iguanas
  2 sleepcaps (D:7)
  9 orc wizards
  9 gnolls
  3 adders (D:5)
  A white imp (D:6)
  4 ufetubi (D:6)
  44 orcs
  5 ball pythons
  10 bats
  4 endoplasms
  2 giant cockroaches
  12 goblins
  6 hobgoblins
  A quokka (D:3)
  3 frilled lizards (D:1)
  16 kobolds
  6 rats
220 creatures vanquished.

Notes
Turn   | Place    | Note
-------+----------+-------------------------------------------
     0 | D:1      | Tombo the Minotaur Berserker began the quest for the Orb.
     0 | D:1      | Reached XP level 1. HP: 19/19 MP: 0/0
   130 | D:1      | Reached XP level 2. HP: 27/27 MP: 1/1
   462 | D:1      | Found Icuvveu's General Store.
   466 | D:1      | Bought a scroll of identify for 22 gold pieces
   496 | D:1      | Reached ** piety under Trog
   711 | D:1      | You fall into a shaft and drop 1 floor!
   754 | D:2      | Found a faded altar of an unknown god.
   789 | D:2      | Found Urhoy's Assorted Antiques.
   880 | D:2      | Reached XP level 3. HP: 29/33 MP: 2/2
  1340 | D:2      | Identified the +0 great sword "Yllihac" {protect, rC+}
  1961 | D:3      | Found a runed translucent door.
  1961 | D:3      | Noticed bmj180's ghost (amateur HuCj)
  2056 | D:3      | Found a radiant altar of Vehumet.
  2056 | D:3      | Found a blossoming altar of Fedhas.
  2057 | D:3      | Found a glowing silver altar of Zin.
  2376 | D:3      | Killed bmj180's ghost
  2377 | D:3      | Reached skill level 5 in Axes
  2377 | D:3      | Reached XP level 4. HP: 21/41 MP: 3/3
  2377 | D:3      | Reached XP level 5. HP: 24/47 MP: 4/4
  2573 | D:4      | Identified the +1 cloak of Enlo {+Blink}
  2800 | D:4      | Reached XP level 6. HP: 49/53 MP: 5/5
  3336 | D:4      | Reached *** piety under Trog
  3453 | D:5      | Entered Level 5 of the Dungeon
  3489 | D:5      | Reached skill level 5 in Fighting
  3526 | D:5      | Noticed Edmund
  3530 | D:5      | Reached XP level 7. HP: 48/61 MP: 6/6
  3546 | D:5      | Killed Edmund
  4076 | D:6      | Noticed a shadow
  4088 | D:6      | Killed a shadow
  4089 | D:6      | Reached skill level 5 in Armour
  4174 | D:6      | Reached XP level 8. HP: 61/68 MP: 7/7
  4263 | D:6      | Found a staircase to the Ecumenical Temple.
  4272 | Temple   | Entered the Ecumenical Temple
  4548 | D:6      | Reached skill level 5 in Dodging
  5178 | D:7      | Reached **** piety under Trog
  5215 | D:7      | Identified the +1 chain mail of Iwnetaif {rF+ Dex+6 Stlth+}
  5409 | D:7      | Found a runed translucent door.
  5415 | D:7      | Noticed Crazy Yiuf
  5424 | D:7      | Killed Crazy Yiuf
  5533 | D:7      | Noticed Sigmund
  5547 | D:7      | Reached skill level 1 in Maces & Flails
  5547 | D:7      | Reached skill level 5 in Shields
  5550 | D:7      | Killed Sigmund
  5702 | D:7      | Reached XP level 9. HP: 78/78 MP: 8/8
  6031 | D:8      | Identified the +4 falchion "Ryott" {pain, Dex+3 Stlth+}
  6035 | D:8      | Found Cipn's Jewellery Emporium.
  6290 | D:8      | Noticed a polar bear
  6309 | D:8      | Killed a polar bear
  6377 | D:8      | Noticed a rime drake
  6404 | D:8      | Found a staircase to the Lair.
  6443 | D:8      | Killed a rime drake
  6444 | D:8      | Reached skill level 5 in Maces & Flails
  6784 | D:8      | Found a runed translucent door.
  7118 | D:8      | Found an iron altar of Okawaru.
  7245 | D:8      | Noticed Dirtsage's ghost (novice DsFi)
  7255 | D:8      | Killed Dirtsage's ghost
  7256 | D:8      | Reached XP level 10. HP: 88/88 MP: 9/9
  7693 | D:9      | Identified the +0 leather armour of Responsibility {rC+
                  | Dex+2}
  8286 | D:8      | Reached ***** piety under Trog
  8960 | D:10     | Entered Level 10 of the Dungeon
  9368 | D:10     | Noticed a soul eater
  9379 | D:10     | Noticed a deep elf pyromancer
  9386 | D:10     | Noticed a two-headed ogre
  9398 | D:10     | Noticed a gargoyle
  9402 | D:10     | Slain by a gargoyle

Illustrated notes

Levels and vault maps discovered:
D:1:      dpeg_arrival_pond, layout_loops_ring, serial_shops, shop, st_stairs_2,
          hex_medium, roderic_lattice_a, minmay_pentomino_s4
D:2:      layout_basic, serial_shops, nicolae_diamond_shop,
          shapermc_ecumenical_altar_mp_urbaneastern
D:3:      layout_basic, chequers_temple_overflow_statue_of_worship,
          gammafunk_ghost_grave
D:4:      layout_basic, palyth_stone_intersect, minmay_between
D:5:      minmay_evil_eye, layout_rooms, minmay_misc_feat_rugged, uniq_edmund
D:6:      kb_forest_paths, layout_basic, minmay_temple_entry_gardened_gates
D:7:      layout_basic, sigmund_army, uniq_crazy_yiuf_cottage
D:8:      layout_loops_ring, mainiacjoe_overflow_surrounded_room,
          hellmonk_lair_entry_icy, ebering_ghost_reflecting_pool, serial_shops,
          kennysheep_mini_moat, hangedman_glass_teeth,
          kennysheep_generic_room_12
D:9:      layout_basic
D:10:     minmay_the_grid_4x2 [minmay_the_grid_embedded,
          minmay_the_grid_broken_lines, minmay_the_grid_all_tris,
          minmay_the_grid_aliased_spiral, minmay_the_grid_minigrid_small,
          minmay_the_grid_tri_star, minmay_the_grid_outer_circle,
          minmay_the_grid_prize_four_corners], layout_stronghold
Temple:   eino_narrow_crystal_temple

Skill      XL: |  1  2  3  4  5  6  7  8  9 10 |
---------------+-------------------------------+-----
Axes           | 4 5 6 7 8 |  8.5
Fighting       | 4 5 6 8 9 |  9.2
Armour         | 3 4 5 6 7 8 |  8.8
Dodging        | 3 4 5 6 7 |  7.7
Shields        | 2 3 5 6 7 |  7.9
Maces & Flails | 2 6 9 |  9.0

Action                     |  1- 3 |  4- 6 |  7- 9 | 10-12 || total
---------------------------+-------+-------+-------+-------++-------
  Melee: Hand axe          |   106 |    59 |    24 |       ||   189
         Headbutt          |    15 |    15 |    54 |    45 ||   129
         War axe           |       |       |   100 |       ||   100
         Mace              |       |       |   141 |   206 ||   347
 Invoke: Berserk           |       |       |     6 |     2 ||     8
         Trog's Hand       |       |       |     2 |       ||     2
    Use: Scroll            |     6 |       |     8 |       ||    14
   Stab: Sleeping          |     1 |       |       |       ||     1
 Armour: Animal skin       |    44 |       |       |       ||    44
         Plate armour      |    26 |    49 |    96 |       ||   171
         Chain mail        |       |       |   166 |   239 ||   405
  Dodge: Dodged            |    51 |    32 |   150 |   136 ||   369

Table legend: (Time is in decaauts)
 A = Elapsed time spent in this place.
 B = Non-inter-level travel time spent in this place.
 C = Inter-level travel time spent in this place.
 D = Time resting spent in this place.
 E = Time spent auto-exploring this place.
 F = Levels seen in this place.
 G = Mean time per level.
                   A        B        C        D        E       F      G
               +--------+--------+--------+--------+--------+-----+--------+
         Total |   9492 |   9143 |    349 |   1871 |   5557 |  11 |  862.9 |
       Dungeon |   9455 |   9120 |    335 |   1871 |   5557 |  10 |  945.5 |
        Temple |     37 |     23 |     14 |      0 |      0 |   1 |   37.0 |
               +--------+--------+--------+--------+--------+-----+--------+

Top non-repeatable levels by time:
     D:9: 1541 daAuts
     D:8: 1457 daAuts
     D:6: 1041 daAuts
     D:1: 973 daAuts
     D:4: 943 daAuts
     D:7: 882 daAuts
     D:2: 851 daAuts
     D:3: 695 daAuts
     D:5: 633 daAuts
    D:10: 434 daAuts
  Temple: 37 daAuts
